 Dungeon Crawl Stone Soup version 0.30-b1-2-g02819fbbbe (webtiles) character file.

Game seed: 9811509157753597990

1751 erloom the Grappler (level 8, -3/68 HPs)
             Began as a Yellow Draconian Transmuter on May 15, 2023.
             Was an Initiate of Makhleb.
             Slain by a killer bee (7 damage)
             ... on level 6 of the Dungeon.
             The game lasted 00:15:08 (5648 turns).

erloom the Grappler (Yellow Draconian Transmuter)   Turns: 5648, Time: 00:15:10

Health: -3/68      AC:  2    Str: 14    XL:     8   Next: 78%
Magic:  9/14       EV: 19    Int: 15    God:    Makhleb [......]
Gold:   267        SH:  0    Dex: 16    Spells: 6/16 levels left

rFire   + .          .
                       - Unarmed
rCold   + . .        (shield currently unavailable)
rNeg    . . .        (body armour unavailable)
rPois   x            (helmet currently unavailable)
rElec   .            (cloak currently unavailable)
rCorr   .            (gloves currently unavailable)
SInv    .            (boots currently unavailable)
Will    .....        (no amulet)
Stlth   +            s - ring of protection from fire
HPRegen 0.31/turn    t - ring of protection from cold
MPRegen 0.14/turn

%: no passive effects
@: lethally poisoned (-3 -> -17), spider-form (expiring), flying
A: venomous fangs, (spit acid), AC +6, tiny, unfitting armour, (cold-blooded),
(acid resistance)
a: End Transformation, Renounce Religion


You were on level 6 of the Dungeon.
You worshipped Makhleb.
Makhleb was noncommittal.
You were a venomous arachnid creature.
You visited 2 branches of the dungeon, and saw 9 of its levels.

You collected 267 gold pieces.

Inventory:

Missiles
 q - 50 stones
Magical Staves
 g - a staff of air
Jewellery
 o - an amulet of guardian spirit
 s - a ring of protection from fire (left front pincers)
 t - a ring of protection from cold (right front pincers)
Wands
 j - a wand of flame (19)
 x - a wand of digging (6)
Scrolls
 b - 3 scrolls of teleportation {unknown}
 d - a scroll of enchant armour {unknown}
 k - 2 scrolls of immolation {unknown}
 p - 6 scrolls of amnesia {unknown}
 u - a scroll of enchant weapon {unknown}
 w - a scroll of identify {unknown}
 y - a scroll of brand weapon {unknown}
 A - a scroll of noise {unknown}
 B - a scroll of fear {unknown}
 C - a scroll of poison {unknown}
Potions
 a - 3 potions of lignification
 c - a potion of attraction
 e - a potion of ambrosia
 f - a potion of brilliance {unknown}
 h - a potion of flight
 i - a potion of invisibility {unknown}
 l - a potion of berserk rage {unknown}
 m - a potion of resistance {unknown}
 n - 2 potions of curing {unknown}
 r - a potion of mutation {unknown}
 v - a potion of degeneration {unknown}
 z - a potion of heal wounds {unknown}


   Skills:
 - Level 5.0 Fighting
 - Level 2.0 Dodging
 - Level 8.0 Unarmed Combat
 + Level 4.5 Spellcasting
 - Level 5.0 Transmutations
 - Level 2.0 Ice Magic
 - Level 2.0 Poison Magic


You had 6 spell levels left.
You knew the following spells:

 Your Spells              Type           Power      Damage    Failure   Level
a - Beastly Appendage     Tmut           36%        N/A       9%          1
b - Wereblood             Tmut           18%        N/A       11%         2
c - Spider Form           Tmut/Pois      13%        N/A       28%         3
d - Ice Form              Ice/Tmut       13%        N/A       61%         4

Your spell library contained the following spells:

 Spells                   Type           Power      Damage    Failure   Level
 Magic Dart               Conj           12%        1d3       36%         1
 Shock                    Conj/Air       12%        1d3       36%         1
 Searing Ray              Conj           6%         2d4       47%         2
 Dazzling Flash           Conj/Hex       6%         N/A       67%         3
 Swiftness                Air            3%         N/A       67%         3
 Volatile Blastmotes      Fire/Tloc      6%         2d10      67%         3
 Olgreb's Toxic Radiance  Pois           9%         N/A       78%         4
 Airstrike                Air            1%         2d(1-17)  95%         4
 Fulminant Prism          Conj/Hex       1%         3d5       95%         4
 Iskenderun's Mystic Bla  Conj/Tloc      3%         2d3       95%         4
 Starburst                Conj/Fire      1%         6d3       100%        6
 Discord                  Hex            1%         N/A       100%        8
 Ignition                 Fire           1%         3d3       100%        8


Dungeon Overview and Level Annotations

Branches:
Dungeon (8/15)             Temple (1/1) D:7
   Lair: D:8-11

Altars:
Ashenzari
Cheibriados
Dithmenos
Elyvilon
Fedhas
Hepliaklqana
Kikubaaqudgha
Makhleb
Qazlal
Trog
Uskayaw
Wu Jian
Xom
Yredelemnul
Zin
The Shining One

Shops:
D:1 :   D:2 :

Annotations:
D:7 2 transporters


Innate Abilities, Weirdness & Mutations

You are a venomous arachnid creature.
You have venomous fangs.
You are tiny and dextrous.
Your spellcasting is less reliable in this form.
Your armour is entirely melded.
You are incapable of wielding weapons or throwing items.
((You can spit globs of acid.))
((Your golden yellow scales are hard. (AC +6)))
You cannot fit into any form of body armour.
((You are cold-blooded and may be slowed by cold attacks.))
((You are resistant to acid. (rCorr)))


Message History

You hit the killer bee but do no damage.
The killer bee is poisoned.
You feel sick. The killer bee misses you.
The killer bee stings you but does no damage.
You hit the killer bee.
The killer bee looks as sick as possible!
The killer bee is moderately wounded.
You feel sick. The killer bee stings you.
You barely miss the killer bee.
The killer bee is almost dead.
You feel sick.
You kill the killer bee!
Makhleb accepts your kill. The killer bee closely misses you.
The killer bee completely misses you.
You hit the killer bee.
The killer bee is poisoned.
The killer bee is lightly wounded.
You feel sick. The killer bee barely misses you. The killer bee misses you.
The killer bee closely misses you. The killer bee stings you.
* * * LOW HITPOINT WARNING * * *
You are lethally poisoned!
The killer bee poisons you!
You hit the killer bee but do no damage.
The killer bee is poisoned.
* * * LOW HITPOINT WARNING * * *
You feel very sick. The killer bee stings you!
* * * LOW HITPOINT WARNING * * *
The killer bee misses you. The killer bee completely misses you.
The killer bee stings you.
* * * LOW HITPOINT WARNING * * *
Unknown command.
Unknown command.
Unknown command.
Unknown command.
It was a potion of flight.
You feel very buoyant.
You fly up into the air.
* * * LOW HITPOINT WARNING * * *
You feel very sick. The killer bee barely misses you.
The killer bee stings you!
You die...

##### ....## ....
###.#######
#....##...######.#
#.#...#..........#
#y#.....########
#s###.....# #y#
#...#.## ## #$#
#...#..######. #.#
#...##.##..... ..#
#...##.##..... ..#
#...##.##..... ..#
##.###.##.....
...# #. #.##.....
#..#.....


You could see 2 killer bees.

Vanquished Creatures
  A water moccasin (D:7)
  An orc warrior (D:8)
  2 sky beasts (D:7)
  An ogre (D:5)
  A centaur (D:7)
  A phantom (D:7)
  A kobold brigand (D:7)
  2 scorpions
  5 wights (D:7)
  3 killer bees (D:6)
  3 howler monkeys
  An orc priest (D:3)
  A jelly (D:6)
  2 hounds
  Ijyb (D:5)
  3 iguanas
  3 orc wizards
  4 adders
  A gnoll (D:5)
  A white imp (D:5)
  An ufetubus (D:6)
  A worm (D:2)
  A dart slug (D:4)
  15 orcs
  6 ball pythons
  7 endoplasms
  5 giant cockroaches
  10 goblins
  7 hobgoblins
  6 kobolds
  4 quokkas
  6 bats
  3 frilled lizards
  12 rats
122 creatures vanquished.

Vanquished Creatures (others)
  10 fungi (D:8)
  7 plants (D:8)
17 creatures vanquished.

Grand Total: 139 creatures vanquished

Notes
Turn   | Place    | Note
-------+----------+-------------------------------------------
     0 | D:1      | erloom the Draconian Transmuter began the quest for the
                  | Orb.
     0 | D:1      | Reached XP level 1. HP: 16/16 MP: 3/3
   411 | D:1      | Found Fipobag's Book Boutique.
   431 | D:1      | Reached XP level 2. HP: 22/23 MP: 5/5
   809 | D:1      | Found a faded altar of an unknown god.
  1007 | D:2      | Reached skill level 4 in Unarmed Combat
  1007 | D:2      | Reached XP level 3. HP: 13/28 MP: 4/6
  1192 | D:2      | Found a bloodstained altar of Trog.
  1531 | D:2      | Reached XP level 4. HP: 34/34 MP: 7/7
  1569 | D:2      | Found Lohozaex's Book Shoppe.
  1982 | D:3      | Identified the +2 robe "Ozoen" {+Blink Will++ Str-3}
  2235 | D:3      | Reached XP level 5. HP: 11/40 MP: 6/8
  2533 | D:3      | Learned a level 2 spell: Wereblood
  3266 | D:4      | Learned a level 3 spell: Spider Form
  3428 | D:4      | Found a blossoming altar of Fedhas.
  3535 | D:4      | Reached skill level 5 in Unarmed Combat
  3535 | D:4      | Reached skill level 5 in Transmutations
  3535 | D:4      | Reached skill level 1 in Poison Magic
  3535 | D:4      | Reached XP level 6. HP: 25/47 MP: 7/9
  3731 | D:5      | Entered Level 5 of the Dungeon
  3910 | D:5      | Noticed Ijyb
  3936 | D:5      | Killed Ijyb
  4102 | D:5      | Found a shadowy altar of Dithmenos.
  4471 | D:5      | Your scales start taking on a golden yellow colour.
  4471 | D:5      | Reached XP level 7. HP: 46/52 MP: 9/11
  4471 | D:5      | Gained mutation: You are resistant to acid. (rCorr) [Yellow
                  | Draconian growth]
  4525 | D:5      | You fall into a shaft and drop 3 floors!
  4528 | D:8      | Found a stormy altar of Qazlal.
  4560 | D:8      | Reached skill level 6 in Unarmed Combat
  4668 | D:7      | Reached skill level 7 in Unarmed Combat
  4890 | D:7      | Learned a level 4 spell: Ice Form
  4904 | D:7      | Reached XP level 8. HP: 59/61 MP: 10/12
  5016 | D:7      | Reached skill level 8 in Unarmed Combat
  5224 | D:7      | Found a transporter.
  5225 | D:7      | Found a transporter.
  5282 | D:7      | Reached skill level 5 in Fighting
  5338 | D:7      | Reached skill level 1 in Ice Magic
  5400 | D:7      | Found a snail-covered altar of Cheibriados.
  5421 | D:7      | Found a staircase to the Ecumenical Temple.
  5427 | Temple   | Entered the Ecumenical Temple
  5432 | Temple   | Became a worshipper of Makhleb the Destroyer
  5648 | D:6      | Slain by a killer bee

Illustrated notes

Levels and vault maps discovered:
D:1:      evilmike_arrival_hilbert_curve, layout_basic, serial_shops,
          nicolae_shop_peninsula, hellmonk_ecumenical_altar_defaced_shrine
D:2:      kennysheep_the_goblin_king, layout_loops_ring, basic_altar,
          serial_shops, nicolae_shop_waterfront
D:3:      layout_basic, minivault_19
D:4:      layout_cave_pools, fedhas_altar_3
D:5:      layout_basic, mainiacjoe_overflow_surrounded_room,
          nicolae_concentric_dashed_squares_mild, kennysheep_crisscross,
          uniq_ijyb
D:6:      layout_basic
D:7:      layout_basic, kennysheep_mini, lightli_temple_of_fire,
          minmay_temple_entry_hall, gammafunk_ghost_wrathful_warriors,
          minmay_circle_x
D:8:      layout_loops_corners, nicolae_qazlal_scattered_showers,
          vehumet_altar_wand_db, jmf_multi_god_temple2,
          grunt_lair_entry_orc_guard_hut, grunt_ministairs_3, wad_hexagon
Temple:   nicolae_temple_ecumenical_triangle

Skill      XL: |  1  2  3  4  5  6  7  8 |
---------------+-------------------------+-----
Unarmed Combat | 4 5 7 8 |  8.0
Transmutations | 3 4 5 |  5.0
Poison Magic   | 1 2 |  2.0
Spellcasting   | 3 4 |  4.5
Dodging        | 2 |  2.0
Fighting       | 2 5 |  5.0
Ice Magic      | 2 |  2.0

Action                     |  1- 3 |  4- 6 |  7- 9 || total
---------------------------+-------+-------+-------++-------
  Melee: Unarmed           |   128 |   198 |   130 ||   456
         Tailslap          |    13 |    17 |     6 ||    36
         Punch             |     1 |     3 |     4 ||     8
         Headbutt          |     2 |    13 |     6 ||    21
         Kick              |     2 |    30 |     5 ||    37
   Cast: Beastly Appendage |     2 |    12 |     3 ||    17
         Wereblood         |       |     1 |       ||     1
         Spider Form       |       |     1 |     7 ||     8
Ability: Breathe Acid      |       |       |     1 ||     1
  Evoke: Wand              |       |     2 |       ||     2
    Use: Potion            |       |       |     4 ||     4
 Armour: Skin              |    32 |    54 |    24 ||   110
  Dodge: Dodged            |    61 |    85 |    97 ||   243
